 Dungeon Crawl Stone Soup version 0.20.0-15-g7f486f2 (webtiles) character file.

126 NoAnimeNoLife the Skirmisher (level 4, -3/38 HPs)
             Began as a Demonspawn Fighter on June 13, 2017.
             Slain by Sigmund
             ... wielding a +0 scythe
              (4 damage)
             ... on level 3 of the Dungeon.
             The game lasted 00:04:28 (2286 turns).

NoAnimeNoLife the Skirmisher (Demonspawn Fighter)   Turns: 2286, Time: 00:04:30

Health: -3/38      AC:  6    Str: 17    XL:     4   Next: 84%
Magic:  0/4        EV:  7    Int:  9    God:
Gold:   92         SH:  8    Dex: 13    Spells: 3/3 levels left

rFire    . . .     SeeInvis .   a - +0 flail
rCold    . . .     Gourm    .   c - +0 shield
rNeg     . . .     Faith    .   b - +0 scale mail
rPois    .         Spirit   +   (no helmet)
rElec    .         Reflect  .   (no cloak)
rCorr    .         Harm     .   (no gloves)
MR       .....                  (no boots)
Stlth    ..........             (no amulet)
Regen    0.2/turn               (no ring)
MPRegen  0.1/turn               (no ring)

@: no status effects
A: magic shield, sturdy frame 1
a: no special abilities


You were on level 3 of the Dungeon.
You were hungry.

You visited 1 branch of the dungeon, and saw 3 of its levels.

You collected 92 gold pieces.

Inventory:

Hand Weapons
 a - a +0 flail (weapon)
 d - a +1 flail of holy wrath
Armour
 b - a +0 scale mail (worn)
 c - a +0 shield (worn)
Scrolls
 e - 5 scrolls of identify {unknown}
 g - 2 scrolls of enchant weapon {unknown}
 h - a scroll of random uselessness {unknown}
 i - 2 scrolls of fear {unknown}
 k - a scroll of amnesia {unknown}
 n - a scroll of teleportation {unknown}
 o - a scroll of noise {unknown}
 p - a scroll of fog {unknown}
Comestibles
 f - 3 bread rations
 l - 2 meat rations


   Skills:
 + Level 4.4 Fighting
 + Level 3.4 Maces & Flails
 - Level 2.6 Armour
 - Level 2.7 Shields


You had 3 spell levels left.
You didn't know any spells.

Dungeon Overview and Level Annotations

Branches:
Dungeon (3/15)

Altars:
Ashenzari

Annotations:
D:3 Sigmund


Innate Abilities, Weirdness & Mutations

When hurt, damage is shared between your health and your magic reserves.
Your movements are slightly less encumbered by armour. (ER -2)


Message History

You closely miss something. Something hits you!
* * * LOW HITPOINT WARNING * * *
You hit something but do no damage. Something hits you but does no damage.
You completely miss something. Something hits you.
* * * LOW HITPOINT WARNING * * *
You hit something. You closely miss something.
You hear some strange, mumbled words.
A puff of flame appears from out of thin air!
The puff of flame misses you. Something hits you.
* * * LOW HITPOINT WARNING * * *
You hit something. Something hits you but does no damage.
You closely miss something.
Your shield and scale mail prevent you from hitting something.
You hear some strange, mumbled words.
A magic dart appears from out of thin air!
The magic dart hits you!
* * * LOW HITPOINT WARNING * * *
Something hits you.
You die...

.#.#.....<.........#
.#§§
...#.....)......#..#
#§§
.#############..#..##
. #..#.... #..#.# .#
#....# # #....#
#...### ##.@{.#
#..#.# #...#... #...#
##.. #...# .. #...# #
#..## ..##


There were no monsters in sight!

Vanquished Creatures
  Terence (D:2)
  3 gnolls
  2 adders (D:2)
  An ooze (D:2)
  2 leopard geckos (D:2)
  3 orcs (D:2)
  3 giant cockroaches
  7 hobgoblins
  5 kobolds
  A ball python (D:2)
  6 bats
  3 frilled lizards
  4 goblins (D:1)
  7 rats
48 creatures vanquished.

Notes
Turn   | Place    | Note
-------+----------+-------------------------------------------
     0 | D:1      | NoAnimeNoLife the Demonspawn Fighter began the quest for the Orb.
     0 | D:1      | Reached XP level 1. HP: 18/18 MP: 1/1
   146 | D:1      | Gained mutation: When hurt, damage is shared between your health and your magic reserves. [demonic ancestry]
   146 | D:1      | Reached XP level 2. HP: 17/24 MP: 2/2
   611 | D:2      | Reached XP level 3. HP: 21/30 MP: 3/3
   699 | D:2      | Found a shattered altar of Ashenzari.
   946 | D:2      | Reached skill level 4 in Fighting
  1176 | D:3      | Noticed Terence
  1195 | D:3      | HP: 1/30 [gnoll/halberd (6)]
  1202 | D:2      | HP: 1/30 [gnoll (1)]
  1207 | D:2      | Gained mutation: Your movements are slightly less encumbered by armour. (ER -2) [demonic ancestry]
  1207 | D:2      | Reached XP level 4. HP: 2/37 MP: 0/4
  1769 | D:2      | Killed Terence
  1802 | D:2      | HP: 1/37 [gnoll/halberd (4)]
  2239 | D:3      | Noticed Sigmund
  2286 | D:3      | HP: 1/38 [something/magic dart (1)]
  2286 | D:3      | Slain by Sigmund

Skill      XL: |  1  2  3  4 |
---------------+-------------+-----
Maces & Flails | 2 3 |  3.4
Fighting       | 4 |  4.4
Armour         | |  2.6
Shields        | |  2.7

Action                   |  1- 3 |  4- 6 || total
-------------------------+-------+-------++-------
Melee: Flail             |   151 |    63 ||   214
       Unarmed           |       |    17 ||    17
  Use: Potion            |       |     6 ||     6
  Eat: Chunk             |     1 |     3 ||     4
Armor: Scale mail        |    79 |    12 ||    91
       Skin              |       |    39 ||    39
Dodge: Dodged            |    47 |    19 ||    66
Block: Shield            |    90 |    41 ||   131
